[ AOE2 MATCH · #507270270 ]
UnrankedMapuche vs Mongols
Player's team · WIN
Rival team · LOSS
[ REPLAY ANALYSIS · EXTRACTED FROM THE RECORDED GAME ]
Feudal
9:33
Castle
15:18
Imperial
—
| APM avg | 45.1 |
| APM peak | 81 |
| eAPM avg | 18.8 |
| Villagers / military | 47 / 20 |
Focus
⚔️ 33.0% · 🌾 67.0%
Bolas Rider ×17 · Battering Ram ×2 · Mangonel ×1
Feudal
11:21
Castle
16:54
Imperial
—
| APM avg | 58.2 |
| APM peak | 91 |
| eAPM avg | 20.1 |
| Villagers / military | 50 / 10 |
Focus
⚔️ 25.6% · 🌾 74.4%
Cavalry Archer ×6 · Militia ×4
Match map
Initial resources + every placement click. Lines = walls · curves = elevation contours. ◆ gold · ⬟ stone · ● berries · ✦ relic · ◌ wall gap
Your base· Open — unwalled flank
Malelf's base· Open — opponent sealed themselves in
Smoothed initial terrain · ◌ = detected wall gap · hover for details
Inputs per minute
— k1ngkong - - Malelf
Build order — k1ngkong
111 actions detected in the replay
| 0:02 | Queue | Villager (Male) ×4 |
| 0:02 | Queue | Villager (Male) ×4 |
| 0:03 | Build | House |
| 0:04 | Build | House |
| 1:41 | Queue | Villager (Male) |
| 2:04 | Queue | Villager (Male) |
| 2:30 | Queue | Villager (Male) ×2 |
| 2:30 | Queue | Villager (Male) ×2 |
| 2:48 | Build | Settlement |
| 3:10 | Queue | Villager (Male) ×2 |
| 3:10 | Queue | Villager (Male) ×2 |
| 3:48 | Queue | Villager (Male) ×2 |
| 4:55 | Queue | Villager (Male) |
| 4:56 | Queue | Villager (Male) |
| 4:56 | Research | Loom |
| 5:00 | Queue | Villager (Male) |
| 5:01 | Queue | Villager (Male) |
| 5:01 | Research | Loom |
| 5:33 | Build | Settlement |
| 6:35 | Build | House |
| 7:02 | Build | Palisade Wall |
| 7:23 | Research | Feudal Age |
| 7:23 | Research | Feudal Age |
| 7:54 | Build | Palisade Wall |
| 7:57 | Build | Palisade Wall |
| 7:59 | Build | Palisade Wall |
| 8:45 | Queue | Villager (Male) |
| 8:50 | Build | Farm |
| 8:53 | Build | Farm |
| 8:59 | Build | Palisade Wall |
| 9:33 | Age | Feudal Age |
| 9:51 | Build | Market |
| 9:54 | Queue | Villager (Male) |
| 10:11 | Build | Settlement |
| 10:26 | Queue | Villager (Male) |
| 10:50 | Queue | Villager (Male) |
| 11:17 | Queue | Villager (Male) |
| 11:34 | Build | Palisade Wall |
| 11:47 | Queue | Villager (Male) |
| 11:55 | Build | Blacksmith |
| 12:01 | Build | Palisade Wall |
| 12:02 | Build | Palisade Wall |
| 12:03 | Build | Palisade Wall |
| 12:13 | Queue | Villager (Male) |
| 12:38 | Research | Castle Age |
| 12:38 | Research | Castle Age |
| 12:56 | Build | Barracks |
| 13:52 | Build | Archery Range |
| 14:07 | Queue | Villager (Male) |
| 14:09 | Research | Fletching |
| 14:34 | Build | Archery Range |
| 14:45 | Build | Farm |
| 14:54 | Build | House |
| 14:55 | Build | Palisade Wall |
| 15:02 | Build | Farm |
| 15:18 | Age | Castle Age |
| 15:20 | Queue | Bolas Rider |
| 15:25 | Queue | Bolas Rider |
| 15:36 | Build | House |
| 15:45 | Queue | Villager (Male) |
| 15:49 | Research | Double-Bit Axe |
| 15:53 | Queue | Bolas Rider |
| 16:10 | Queue | Villager (Male) |
| 16:12 | Build | Palisade Wall |
| 16:17 | Build | Palisade Wall |
| 16:23 | Queue | Bolas Rider |
| 16:25 | Queue | Villager (Male) |
| 16:51 | Queue | Bolas Rider |
| 16:51 | Queue | Bolas Rider |
| 16:52 | Queue | Villager (Male) |
| 17:30 | Queue | Villager (Male) |
| 17:31 | Queue | Bolas Rider |
| 17:31 | Queue | Bolas Rider |
| 17:40 | Build | House |
| 17:41 | Build | Palisade Wall |
| 17:42 | Build | Palisade Wall |
| 17:48 | Queue | Bolas Rider |
| 17:48 | Queue | Bolas Rider |
| 17:56 | Build | Farm |
| 17:57 | Queue | Villager (Male) |
| 18:08 | Build | House |
| 18:20 | Build | Farm |
| 18:22 | Queue | Villager (Male) |
| 18:23 | Queue | Bolas Rider |
| 18:43 | Queue | Bolas Rider ×2 |
| 18:43 | Queue | Bolas Rider ×2 |
| 18:48 | Build | Farm |
| 18:52 | Build | Farm |
| 18:58 | Queue | Villager (Male) |
| 19:22 | Build | Farm |
| 19:24 | Queue | Villager (Male) |
| 19:57 | Build | House |
| 20:10 | Queue | Villager (Male) |
| 20:10 | Queue | Villager (Male) |
| 20:18 | Build | Siege Workshop |
| 20:26 | Research | Bodkin Arrow |
| 20:41 | Queue | Villager (Male) |
| 21:21 | Queue | Villager (Male) |
| 21:22 | Queue | Villager (Male) |
| 21:24 | Queue | Mangonel |
| 21:32 | Build | House |
| 21:38 | Queue | Bolas Rider |
| 21:38 | Queue | Bolas Rider |
| 21:42 | Build | Farm |
| 21:43 | Build | Farm |
| 21:44 | Build | Farm |
| 21:45 | Build | Farm |
| 21:50 | Build | House |
| 21:57 | Queue | Villager (Male) |
| 22:06 | Queue | Battering Ram |
| 22:06 | Queue | Battering Ram |
Build order — Malelf
116 actions detected in the replay
| 0:00 | Queue | Villager (Male) |
| 0:01 | Queue | Villager (Male) |
| 0:01 | Queue | Villager (Male) |
| 0:02 | Build | House |
| 0:03 | Build | House |
| 0:05 | Queue | Villager (Male) |
| 1:19 | Queue | Villager (Male) |
| 1:21 | Build | Lumber Camp |
| 1:39 | Queue | Villager (Male) |
| 1:54 | Queue | Villager (Male) |
| 2:10 | Queue | Villager (Male) |
| 2:27 | Queue | Villager (Male) |
| 2:46 | Queue | Villager (Male) |
| 3:15 | Queue | Villager (Male) |
| 3:35 | Build | House |
| 3:56 | Queue | Villager (Male) |
| 4:04 | Build | Barracks |
| 4:09 | Queue | Villager (Male) |
| 4:19 | Queue | Villager (Male) |
| 4:31 | Build | House |
| 4:43 | Queue | Villager (Male) |
| 4:59 | Queue | Militia |
| 5:04 | Queue | Villager (Male) |
| 5:05 | Queue | Militia |
| 5:22 | Queue | Militia |
| 5:35 | Build | House |
| 5:36 | Build | Mill |
| 5:38 | Queue | Villager (Male) |
| 6:06 | Queue | Villager (Male) |
| 6:25 | Queue | Villager (Male) |
| 6:53 | Queue | Villager (Male) |
| 7:09 | Queue | Villager (Male) |
| 7:25 | Queue | Villager (Male) |
| 7:44 | Build | Farm |
| 7:46 | Build | Farm |
| 8:07 | Queue | Villager (Male) |
| 8:21 | Research | Loom |
| 8:31 | Queue | Villager (Male) |
| 8:47 | Research | Feudal Age |
| 8:51 | Build | Mining Camp |
| 9:03 | Build | Farm |
| 9:07 | Queue | Villager (Male) |
| 9:24 | Queue | Militia |
| 9:53 | Build | Lumber Camp |
| 10:03 | Build | House |
| 10:35 | Build | Palisade Wall |
| 10:35 | Queue | Villager (Male) |
| 10:38 | Build | Palisade Wall |
| 10:39 | Build | Palisade Wall |
| 10:54 | Build | Farm |
| 10:59 | Queue | Villager (Male) |
| 11:05 | Build | Farm |
| 11:21 | Age | Feudal Age |
| 11:25 | Research | Double-Bit Axe |
| 11:36 | Build | Farm |
| 11:39 | Queue | Villager (Male) |
| 12:01 | Build | Archery Range |
| 12:28 | Queue | Villager (Male) |
| 12:36 | Build | Blacksmith |
| 13:00 | Queue | Villager (Male) |
| 13:05 | Build | House |
| 13:10 | Build | Palisade Wall |
| 13:45 | Build | Farm |
| 14:14 | Research | Castle Age |
| 14:48 | Build | Palisade Wall |
| 14:50 | Queue | Villager (Male) |
| 14:56 | Build | Mining Camp |
| 15:39 | Build | Watch Tower |
| 15:46 | Build | Palisade Wall |
| 15:46 | Queue | Villager (Male) |
| 15:51 | Build | Palisade Wall |
| 16:19 | Research | Horse Collar |
| 16:38 | Build | Farm |
| 16:49 | Research | Fletching |
| 16:54 | Age | Castle Age |
| 16:55 | Research | Gold Mining |
| 16:58 | Build | Town Center |
| 17:04 | Queue | Villager (Male) |
| 17:06 | Queue | Cavalry Archer |
| 17:22 | Queue | Villager (Male) |
| 17:29 | Queue | Villager (Male) |
| 17:34 | Queue | Cavalry Archer |
| 17:42 | Queue | Villager (Male) |
| 18:06 | Build | Market |
| 18:08 | Queue | Villager (Male) |
| 18:11 | Queue | Cavalry Archer |
| 18:29 | Queue | Villager (Male) |
| 18:29 | Queue | Villager (Male) |
| 18:34 | Build | Farm |
| 18:45 | Build | House |
| 18:46 | Build | Palisade Wall |
| 18:49 | Build | House |
| 18:51 | Queue | Villager (Male) |
| 19:05 | Queue | Villager (Male) |
| 19:13 | Build | Town Center |
| 19:16 | Queue | Villager (Male) |
| 19:20 | Queue | Cavalry Archer |
| 19:30 | Build | Farm |
| 19:54 | Queue | Villager (Male) |
| 20:02 | Queue | Villager (Male) |
| 20:06 | Queue | Cavalry Archer |
| 20:33 | Queue | Cavalry Archer |
| 20:44 | Build | Watch Tower |
| 20:44 | Queue | Villager (Male) |
| 20:47 | Build | House |
| 20:49 | Build | House |
| 20:51 | Queue | Villager (Male) |
| 21:01 | Build | Palisade Gate |
| 21:10 | Queue | Villager (Male) |
| 21:27 | Build | Farm |
| 21:28 | Build | Farm |
| 21:29 | Build | Farm |
| 21:35 | Queue | Villager (Male) |
| 21:49 | Queue | Villager (Male) |
| 22:02 | Build | Siege Workshop |
| 22:12 | Queue | Villager (Male) |
Match timeline
| 4:04 | Malelf · first_building Barracks |
| 7:02 | k1ngkong · wall_segment Palisade Wall x1 |
| 7:54 | k1ngkong · wall_segment Palisade Wall x1 |
| 7:57 | k1ngkong · wall_segment Palisade Wall x1 |
| 7:59 | k1ngkong · wall_segment Palisade Wall x1 |
| 8:59 | k1ngkong · wall_segment Palisade Wall x10 |
| 9:33 | k1ngkong · age_up feudal |
| 10:35 | Malelf · wall_segment Palisade Wall x5 |
| 10:38 | Malelf · wall_segment Palisade Wall x3 |
| 10:39 | Malelf · wall_segment Palisade Wall x3 |
| 10:58 | k1ngkong · first_market_sell 500 stone |
| 11:03 | k1ngkong · first_market_buy 100 food |
| 11:21 | Malelf · age_up feudal |
| 11:34 | k1ngkong · wall_segment Palisade Wall x1 |
| 12:01 | Malelf · first_building Archery Range |
| 12:01 | k1ngkong · wall_segment Palisade Wall x1 |
| 12:02 | k1ngkong · wall_segment Palisade Wall x1 |
| 12:03 | k1ngkong · wall_segment Palisade Wall x1 |
| 12:56 | k1ngkong · first_building Barracks |
| 13:10 | Malelf · wall_segment Palisade Wall x7 |
| 13:52 | k1ngkong · first_building Archery Range |
| 14:48 | Malelf · wall_segment Palisade Wall x14 |
| 14:55 | k1ngkong · wall_segment Palisade Wall x7 |
| 15:18 | k1ngkong · age_up castle |
| 15:46 | Malelf · wall_segment Palisade Wall x4 |
| 15:51 | Malelf · wall_segment Palisade Wall x6 |
| 16:12 | k1ngkong · wall_segment Palisade Wall x9 |
| 16:17 | k1ngkong · wall_segment Palisade Wall x18 |
| 16:54 | Malelf · age_up castle |
| 17:41 | k1ngkong · wall_segment Palisade Wall x10 |
| 17:42 | k1ngkong · wall_segment Palisade Wall x1 |
| 18:46 | Malelf · wall_segment Palisade Wall x1 |
| 19:10 | Malelf · first_market_buy 100 wood |
| 20:18 | k1ngkong · first_building Siege Workshop |
| 22:02 | Malelf · first_building Siege Workshop |
| 22:28 | Malelf · resign |
[ AI ANALYSIS · 1 CREDIT ]
What really happened in this match?
Wolo.gg analyzes every decision: build order, eco, micro, common mistakes by bracket. Personalized analysis on WhatsApp or Discord in 30 seconds.
Civ guide
Mapuche
Perfil
Jugador #3045036